 Dungeon Crawl Stone Soup version 0.26.1-11-gd32895ea62 (webtiles) character file.

Game seed: 10842700886545211098

51 Zeld the Cudgeller (level 4, -1/35 HPs)
             Began as a Human Fighter on June 3, 2021.
             Slain by an orc wizard
             ... wielding a +0 dagger
              (3 damage)
             ... on level 2 of the Dungeon.
             The game lasted 00:01:21 (1122 turns).

Zeld the Cudgeller (Human Fighter)                  Turns: 1122, Time: 00:01:22

Health: -1/35      AC: 11    Str: 18    XL:     4   Next: 7%
Magic:  4/4        EV:  3    Int:  8    God:
Gold:   49         SH:  9    Dex: 12    Spells: 3/3 levels left

rFire    . . .     SeeInvis .   a - +0 flail
rCold    . . .     Faith    .   c - +0 kite shield
rNeg     . . .     Spirit   .   g - +0 plate armour
rPois    .         Reflect  .   (no helmet)
rElec    .         Harm     .   (no cloak)
rCorr    .         Rampage  .   (no gloves)
Will     .....                  (no boots)
Stlth    ..........             (no amulet)
HPRegen  0.11/turn              (no ring)
MPRegen  0.09/turn              (no ring)

@: no status effects
A: no striking features
a: no special abilities


You were on level 2 of the Dungeon.
You visited 1 branch of the dungeon, and saw 2 of its levels.

You collected 49 gold pieces.

Inventory:

Hand Weapons
 a - a +0 flail (weapon)
Armour
 c - a +0 kite shield (worn)
 g - a +0 plate armour (worn)
Scrolls
 b - a scroll of identify {unknown}
 f - a scroll of magic mapping {unknown}
Potions
 d - 2 potions of might
 e - a potion of lignification {unknown}


   Skills:
 - Level 3.0 Fighting
 * Level 4.0 Maces & Flails
 - Level 3.0 Armour
 - Level 3.0 Shields


You had 3 spell levels left.
You didn't know any spells.
Your spell library was empty.

Dungeon Overview and Level Annotations

Branches:
Dungeon (1/15)

Altars:


Message History

You are too injured to fight recklessly!
You are too injured to fight recklessly!
You closely miss the orc. You hit the orc wizard.
The orc wizard is moderately wounded.
The orc hits you but does no damage. You block the orc wizard's attack.
You hit the orc priest.
The orc priest is heavily wounded.
The orc hits you but does no damage.
The orc priest mumbles some strange prayers to Beogh against you.
Pain shoots through your body!
* * * LOW HITPOINT WARNING * * *
The orc wizard hits you with a +0 dagger.
* * * LOW HITPOINT WARNING * * *
You block the orc's attack.
You barely miss the orc priest.
The orc priest is moderately wounded.
The orc priest barely misses you.
The orc wizard hits you with a +0 dagger.
You die...

........ .......# #
..(...# #≈.....###
#.##.#..#####..≈≈....#
...........##..≈≈≈...#
...................#
........##.##..#
[...........)..#
.oo.######o###.......
. #.o@o.###....$
#.....# #.... #.....#
.... #.....# ...
#.....# .. #######


You could see an orc priest, an orc wizard and an orc.

Vanquished Creatures
  A gnoll (D:1)
  An ooze (D:1)
  3 dart slugs (D:1)
  A leopard gecko (D:2)
  An orc (D:2)
  4 hobgoblins (D:1)
  4 kobolds
  A ball python (D:1)
  4 bats (D:1)
  2 frilled lizards (D:1)
  4 goblins (D:1)
  5 rats
31 creatures vanquished.

Notes
Turn   | Place    | Note
-------+----------+-------------------------------------------
     0 | D:1      | Zeld the Human Fighter began the quest for the Orb.
     0 | D:1      | Reached XP level 1. HP: 18/18 MP: 1/1
    42 | D:1      | Reached XP level 2. HP: 16/24 MP: 2/2
   403 | D:1      | Reached skill level 3 in Maces & Flails
   531 | D:1      | Reached XP level 3. HP: 28/29 MP: 3/3
  1020 | D:1      | You fall into a shaft and drop 1 floor!
  1053 | D:2      | Reached skill level 4 in Maces & Flails
  1053 | D:2      | Reached XP level 4. HP: 30/35 MP: 4/4
  1122 | D:2      | Slain by an orc wizard

Illustrated notes

Levels and vault maps discovered:
D:1:      nagdon_arrival_zigzag_paths, layout_rooms
D:2:      layout_loops_cross, serial_rivers, chequers_serial_rivers_large_b,
          chequers_serial_rivers_room_a, chequers_serial_rivers_micro_c,
          chequers_serial_rivers_room_a, chequers_serial_rivers_small_3,
          minmay_misc_feat_roman, uniq_terence, uniq_natasha

Skill      XL: |  1  2  3 |
---------------+----------+-----
Maces & Flails | 3 4 |  4.0
Fighting       | |  3.0
Armour         | |  3.0
Shields        | |  3.0

Action                   |  1- 3 |  4- 6 || total
-------------------------+-------+-------++-------
Melee: Flail             |   113 |    10 ||   123
Armor: Scale mail        |    52 |       ||    52
       Plate armour      |    28 |     4 ||    32
Dodge: Dodged            |    24 |     1 ||    25
Block: Kite shield       |    66 |     4 ||    70
